 Dungeon Crawl Stone Soup version 0.29-a0-284-gf9362112df (webtiles) character file.

Game seed: 2598208019531933890

366 spaghetti the Conjurer (level 6, -1/58 (63) HPs)
             Began as an Ogre Conjurer on Mar 29, 2022.
             Was an Initiate of Ashenzari.
             Slain by a wight
             ... wielding a +3 morningstar
              (9 damage)
             ... on level 4 of the Dungeon.
             The game lasted 00:05:40 (3805 turns).

spaghetti the Conjurer (Ogre Conjurer)              Turns: 3805, Time: 00:05:41

HP:   -1/58 (63)    AC:  3    Str: 12    XL:     6   Next: 68%
MP:   0/13          EV:  9    Int: 21    God:    Ashenzari [......]
Gold: 121           SH:  0    Dex:  7    Spells: 3/14 levels left

rFire   . . .      SeeInvis .   E - +0 dagger (protect) {short}
rCold   . . .      Faith    .   (no shield)
rNeg    . . .      Spirit   +   a - +0 robe
rPois   .          Reflect  .   (helmet restricted)
rElec   .          Harm     .   (no cloak)
rCorr   +          Rampage  .   (gloves unavailable)
Will    .....                   (boots unavailable)
Stlth   +.........              I - amulet of guardian spirit
HPRegen 0.19/turn               c - ring of resist corrosion
MPRegen 0.13/turn               (no ring)

@: drained
A: large, unfitting armour, tough skin 1
a: Renounce Religion, Curse Item


You were on level 4 of the Dungeon.
You worshipped Ashenzari.
Ashenzari was noncommittal.
You visited 1 branch of the dungeon, and saw 4 of its levels.

You collected 121 gold pieces.


Innate Abilities, Weirdness & Mutations

You are too large for most types of armour.
You have tough skin. (AC +1)


   Skills:
 + Level 4.5 Fighting
 - Level 1.7 Dodging
 - Level 1.4 Stealth
 + Level 4.9 Spellcasting
 + Level 5.0 Conjurations


You had 3 spell levels left.
You knew the following spells:

 Your Spells              Type           Power      Damage    Failure   Level
a - Magic Dart            Conj           100%       1d8       1%          1
b - Searing Ray           Conj           52%        2d6       1%          2
c - Fulminant Prism       Conj/Hex       7%         3d7       36%         4
d - Iskenderun's Mystic   Conj/Tloc      15%        2d5       36%         4

Your spell library contained the following spells:

 Spells                   Type           Power      Damage    Failure   Level
 Pain                     Necr           20%        1d5       11%         1
 Slow                     Hex            20%        N/A       11%         1
 Dazzling Flash           Conj/Hex       30%        N/A       12%         3
 Animate Armour           Summ/Erth      10%        N/A       73%         4
 Agony                    Necr           5%         N/A       97%         5
 Blade Hands              Tmut           2%         N/A       97%         5
 Excruciating Wounds      Necr           2%         N/A       97%         5
 Iron Shot                Conj/Erth      7%         9d2       99%         6

Inventory:

Hand Weapons
 e - a +0 dagger {short}
   (You took it off a goblin on level 2 of the Dungeon)
 j - a +0 dagger {short}
   (You took it off a kobold on level 1 of the Dungeon)
 k - a +0 dagger {short}
   (You took it off a goblin on level 2 of the Dungeon)
 n - a +0 dagger {short}
   (You found it on level 2 of the Dungeon)
 o - a +0 dagger {short}
   (You took it off a kobold on level 2 of the Dungeon)
 p - a +0 quarterstaff {staff}
   (You found it on level 2 of the Dungeon)
 q - a +0 whip {mace}
   (You found it on level 2 of the Dungeon)
 r - a +0 club {mace}
   (You took it off a kobold on level 2 of the Dungeon)
 s - a +0 hand axe {axe}
   (You found it on level 3 of the Dungeon)
 t - a +0 short sword {short}
   (You took it off Terence on level 3 of the Dungeon)
 v - a +0 dagger {short}
   (You found it on level 3 of the Dungeon)
 w - a +0 dagger {short}
   (You took it off Jessica on level 3 of the Dungeon)
 x - a +0 scythe {polearm}
   (You took it off Sigmund on level 3 of the Dungeon)
 y - a +0 short sword {short}
   (You took it off a kobold on level 3 of the Dungeon)
 A - a +0 club {mace}
   (You took it off a goblin on level 3 of the Dungeon)
 B - a +0 club {mace}
   (You took it off a goblin on level 3 of the Dungeon)
 C - a +0 hunting sling {sling}
   (You took it off a goblin on level 3 of the Dungeon)
 D - a +0 whip {mace}
   (You took it off an orc on level 3 of the Dungeon)
 E - a +0 dagger of protection (weapon) {short}
   (You took it off a kobold on level 3 of the Dungeon)
Missiles
 h - 16 poisoned darts {throwing}
 l - 161 stones {throwing}
 z - 11 boomerangs {throwing}
 K - a throwing net {=f!fthrowing}
Armour
 a - a +0 robe (worn)
Jewellery
 c - a ring of resist corrosion (left hand)
   (You found it on level 1 of the Dungeon)
 I - an amulet of guardian spirit (around neck)
   (You found it on level 3 of the Dungeon)
Wands
 u - a wand of polymorph (8)
   (You took it off Terence on level 3 of the Dungeon)
Scrolls
 d - 6 scrolls of identify {unknown}
 g - a scroll of summoning {unknown}
 m - 2 scrolls of fog {unknown}
 F - a scroll of brand weapon {unknown}
Potions
 b - a potion of magic
 i - a potion of cancellation {unknown}
 G - a potion of curing {@q1}
 H - a potion of heal wounds {unknown}
 J - a potion of might {unknown}

Dungeon Overview and Level Annotations

Branches:
Dungeon (4/15)
 Temple: D:4-7

Altars:
Ashenzari
Vehumet

#....#.##<##.#
#.#
#...†..##.#
#.#
#......##.#
#.#
#......##.#
#.#
.........##.#
#.###
###########.#
#.... #####
#.# #####


#zzz# #.# #@# #.# #.# #.# #.# #.# #.# #.# #.# #.# #.#######.# #.........#
########### You could see 3 wights.


Message History

You lost 1 mp, and now have 10/13 mp.
The magic dart hits the dart slug.
You kill the dart slug! 😕 MP[-1]
You lost 1 mp, and now have 9/13 mp.
You can't see any susceptible monsters within range! (Use Z to cast anyway.)
You can't see any susceptible monsters within range! (Use Z to cast anyway.)
A goblin comes into view.
It is wielding a +0 dagger. 😎 HP[+4] MP[+4]
Your hp is fully restored (63).
Your mp is fully restored (13).
A goblin is nearby!
The magic dart hits the goblin.
You kill the goblin! 😎 MP[-1]
You lost 1 mp, and now have 12/13 mp.
You can't see any susceptible monsters within range! (Use Z to cast anyway.)
You can't see any susceptible monsters within range! (Use Z to cast anyway.)
You can't see any susceptible monsters within range! (Use Z to cast anyway.)
There is a stone staircase leading down here.
K - a throwing net {=f!fthrowing}
m - 2 scrolls labelled QEOMUGR IHIPEA (gained 1)
A hound comes into view.
Found a stone staircase leading up. 😎 MP[+1]
Your mp is fully restored (13).
The magic dart hits the hound.
The hound barks!
The hound stops to sniff the ground. 😎 MP[-1]
You lost 1 mp, and now have 12/13 mp.
The magic dart hits the hound.
The hound bites you. 😕 HP[-2] MP[-2]
You take 2 damage, and now have 61/63 hp.
You lost 2 mp, and now have 10/13 mp.
The magic dart hits the hound.
You kill the hound! 😕 MP[-1]
You lost 1 mp, and now have 9/13 mp.
You can't see any susceptible monsters within range! (Use Z to cast anyway.)
A hobgoblin comes into view. 😎 HP[+2] MP[+4]
Your hp is fully restored (63).
Your mp is fully restored (13).
A hobgoblin is nearby!
The magic dart hits the hobgoblin.
You kill the hobgoblin! 😎 MP[-1]
You lost 1 mp, and now have 12/13 mp.
You can't see any susceptible monsters within range! (Use Z to cast anyway.)
You can't see any susceptible monsters within range! (Use Z to cast anyway.)
You can't see any susceptible monsters within range! (Use Z to cast anyway.)
Found an escape hatch in the ceiling. 😎 MP[+1]
Your mp is fully restored (13).
You see here a hobgoblin corpse.
There is an escape hatch in the ceiling here.
l - 161 stones {throwing} (gained 14)
A wight comes into view. It is wielding a +3 morningstar.
Casting: Magic Dart (safe; 1% risk of failure)
Confirm with . or Enter, or press ? or * to list all spells.
Aiming: Searing Ray (safe; 1% risk of failure)
Press: ? - help, Shift-Dir - straight line, f - wight
Aim: a wight, wielding a +3 morningstar and wearing a +0 robe (79% to hit)
The searing ray hits the wight. (Press . to maintain the ray.) 😎 MP[-2]
You lost 2 mp, and now have 11/13 mp.
The searing ray hits the wight!
The wight hits you with a +3 morningstar!
You feel drained. 😕 HP[-7] MP[-2]
You now have 61 max hp (-2).
You take 7 damage, and now have 56/61 hp.
You lost 2 mp, and now have 9/13 mp.
The searing ray misses the wight.
A wight comes into view. It is wielding a +3 great sword.
The wight hits you with a +3 morningstar!! 😮 HP[-16] MP[-3]
You take 16 damage, and now have 40/61 hp.
MASSIVE DAMAGE!! (PAUSE)
You lost 3 mp, and now have 6/13 mp.
The searing ray hits the wight.
You finish channelling your searing ray.
The wight hits you with a +3 great sword!!
* * * LOW HITPOINT WARNING * * *
You feel drained.
* * * LOW HITPOINT WARNING * * *
The wight hits you with a +3 morningstar!
* * * LOW HITPOINT WARNING * * *
😱 HP[-29] MP[-4]
You now have 58 max hp (-3).
You take 29 damage, and now have 11/58 hp.
MASSIVE DAMAGE!! (PAUSE)
You lost 4 mp, and now have 2/13 mp.
This is a scroll of acquirement!
Something appears at your feet!
The wight hits you with a +3 great sword.
* * * LOW HITPOINT WARNING * * *
A wight comes into view. It is wielding a +3 falchion.
The wight hits you with a +3 morningstar!
You die...

Skill      XL: |  1  2  3  4  5  6 |
---------------+-------------------+-----
Spellcasting   | 3 4 |  4.9
Fighting       | 1 2 3 4 |  4.5
Conjurations   | 4 5 |  5.0
Dodging        | |  1.7
Stealth        | |  1.4

Action                   |  1- 3 |  4- 6 || total
-------------------------+-------+-------++-------
Melee: Unarmed           |       |     2 ||     2
 Cast: Magic Dart        |    66 |    71 ||   137
       Searing Ray       |       |     7 ||     7
  Use: Potion            |       |     2 ||     2
       Scroll            |       |     1 ||     1
Armor: Robe              |     3 |    15 ||    18
Dodge: Dodged            |     1 |    13 ||    14

Levels and vault maps discovered:
D:1:      dpeg_arrival_long_road, layout_basic,
          shapermc_ecumenical_altar_rom_forum
D:2:      layout_basic, kennysheep_flooded_box
D:3:      layout_basic, minmay_increasing_density, uniq_jessica, uniq_terence,
          uniq_sigmund
D:4:      layout_basic, mainiacjoe_overflow_24_doors

Notes
Turn   | Place    | Note
-------+----------+-------------------------------------------
     0 | D:1      | spaghetti the Ogre Conjurer began the quest for the Orb.
     0 | D:1      | Reached XP level 1. HP: 16/16 MP: 3/3
     0 | D:1      | magus.rc [v1.9.6]
   172 | D:1      | Reached XP level 2. HP: 24/24 MP: 3/5
   319 | D:1      | Reached skill level 3 in Spellcasting
   494 | D:1      | Found a faded altar of an unknown god.
   502 | D:1      | Got Plato's Handbook of Beguiling
   503 | D:1      | Prayed at the altar of an unknown god.
   503 | D:1      | Became a worshipper of Ashenzari the Shackled
   512 | D:1      | Reached skill level 1 in Fighting
   806 | D:2      | Reached skill level 4 in Conjurations
   806 | D:2      | Reached XP level 3. HP: 33/33 MP: 3/7
   809 | D:2      | Learned a level 2 spell: Searing Ray
  1400 | D:2      | Found a radiant altar of Vehumet.
  1461 | D:2      | Reached skill level 2 in Fighting
  1811 | D:2      | Reached XP level 4. HP: 42/42 MP: 5/9
  2589 | D:3      | Noticed Terence
  2659 | D:3      | Killed Terence
  2660 | D:3      | Reached skill level 3 in Fighting
  2660 | D:3      | Reached XP level 5. HP: 32/53 MP: 1/10
  2867 | D:3      | Noticed Jessica
  2869 | D:3      | Killed Jessica
  2870 | D:3      | Reached skill level 4 in Spellcasting
  2950 | D:3      | Noticed Sigmund
  2960 | D:3      | Killed Sigmund
  2961 | D:3      | Reached skill level 4 in Fighting
  2961 | D:3      | Reached XP level 6. HP: 52/62 MP: 4/13
  3052 | D:3      | Learned a level 4 spell: Fulminant Prism
  3057 | D:3      | Learned a level 4 spell: Iskenderun's Mystic Blast
  3424 | D:3      | Reached skill level 5 in Conjurations
  3502 | D:3      | You pick up a book of Pain and begin reading...
  3502 | D:3      | You add the spells Pain, Agony and Excruciating Wounds to
                  | your library.
  3523 | D:3      | You pick up a book of Iron and begin reading...
  3523 | D:3      | You add the spells Animate Armour, Blade Hands and Iron
                  | Shot to your library.
  3804 | D:4      | HP: 11/58 [wight/+3 morningstar (9)]
  3805 | D:4      | Identified a scroll of acquirement
  3805 | D:4      | Acquired the ring "Zouboik" {Drain rElec rPois Str+6 Int+3}
  3805 | D:4      | Slain by a wight

Vanquished Creatures
  Sigmund (D:3)
  A hound (D:4)
  An iguana (D:3)
  Terence (D:3)
  Jessica (D:3)
  4 adders
  4 dart slugs
  An orc (D:3)
  7 ball pythons
  5 bats
  8 endoplasms
  3 giant cockroaches
  5 goblins
  4 hobgoblins
  6 jackals
  5 kobolds
  A quokka (D:1)
  3 frilled lizards
  5 rats
66 creatures vanquished.

Table legend:
 A = Non-vault XP
 B = Vault XP
 C = Vault XP percentage of total XP
 D = Non-vault monster count
 E = Vault monster count
 F = Vault count percentage of total count
                 A         B        C        D         E       F
            +---------+---------+-------+---------+---------+-------
      Total |     210 |     313 |  59.8 |      53 |      13 |  19.7
            +---------+---------+-------+---------+---------+-------
        D:1 |      26 |       0 |   0.0 |      13 |       0 |   0.0
        D:2 |      78 |       0 |   0.0 |      24 |       0 |   0.0
        D:3 |      58 |     313 |  84.4 |      12 |      13 |  52.0
        D:4 |      48 |       0 |   0.0 |       4 |       0 |   0.0
            +---------+---------+-------+---------+---------+-------

Illustrated notes

Table legend:
 A = Kills in this place as a percentage of kills in entire the game.
 B = Kills by you in this place as a percentage of kills by you in the entire game.
 C = Kills by friends in this place as a percentage of kills by friends in the entire game.
 D = Other kills in this place as a percentage of other kills in the entire game.
 E = Experience gained in this place as a percentage of experience gained in the entire game.
 F = Experience gained in this place divided by the number of levels of this place that you have seen.
                   A       B       C       D       E      F
               +-------+-------+-------+-------+-------+----------------------
         Total | 100.0 | 100.0 |   N/A |   N/A | 100.0 | 130.8
       Dungeon | 100.0 | 100.0 |   N/A |   N/A | 100.0 | 130.8
               +-------+-------+-------+-------+-------+----------------------

Table legend: (Time is in decaauts)
 A = Elapsed time spent in this place.
 B = Non-inter-level travel time spent in this place.
 C = Inter-level travel time spent in this place.
 D = Time resting spent in this place.
 E = Time spent auto-exploring this place.
 F = Levels seen in this place.
 G = Mean time per level.
                   A        B        C        D        E       F      G
               +--------+--------+--------+--------+--------+-----+--------+
         Total |   3798 |   3740 |     58 |    374 |   3000 |   4 |  949.5 |
       Dungeon |   3798 |   3740 |     58 |    374 |   3000 |   4 |  949.5 |
               +--------+--------+--------+--------+--------+-----+--------+

Top non-repeatable levels by time:
     D:2: 1483 daAuts
     D:3: 1374 daAuts
     D:1: 707 daAuts
     D:4: 233 daAuts
